 Dungeon Crawl Stone Soup version 0.22-a0-458-gb446440 (webtiles) character file.

100 4thArraOfDagon the Chopper (level 4, 0/41 HPs)
             Began as a Hill Orc Fighter on June 8, 2018.
             Slain by an orc
             ... wielding a +0 mace
              (7 damage)
             ... on level 4 of the Dungeon.
             The game lasted 00:01:25 (298 turns).

4thArraOfDagon the Chopper (Hill Orc Fighter)        Turns: 298, Time: 00:01:26

Health: 0/41       AC:  6    Str: 15 (18) XL:     4   Next: 73%
Magic:  4/4        EV:  6    Int:  9      God:
Gold:   29         SH:  8    Dex: 10      Spells: 3/3 levels left

rFire    . . .     SeeInvis .   a - +0 war axe
rCold    . . .     Gourm    .   c - +0 shield
rNeg     . . .     Faith    .   b - +0 scale mail
rPois    .         Spirit   .   (no helmet)
rElec    .         Reflect  .   (no cloak)
rCorr    .         Harm     .   (no gloves)
MR       .....                  (no boots)
Stlth    ..........             (no amulet)
HPRegen  0.13/turn              (no ring)
MPRegen  0.09/turn              (no ring)

@: lethally poisoned (0 -> -2)
A: no striking features
a: no special abilities


You were on level 4 of the Dungeon.
You were not hungry.

You visited 1 branch of the dungeon, and saw 4 of its levels.

You collected 29 gold pieces.

Inventory:

Hand Weapons
 a - a +0 war axe (weapon)
Armour
 b - a +0 scale mail (worn)
 c - a +0 shield (worn)
Wands
 j - a wand of iceblast (6)
Scrolls
 d - a scroll of remove curse {unknown}
 e - a scroll of identify {unknown}
 h - a scroll of enchant weapon {unknown}
 i - a scroll of enchant armour {unknown}
Comestibles
 f - a ration


   Skills:
 + Level 4.7 Fighting
 * Level 5.4 Axes
 - Level 3.2 Armour
 - Level 3.2 Shields


You had 3 spell levels left.
You didn't know any spells.
Your spell library was empty.

Dungeon Overview and Level Annotations

Branches:
Dungeon (4/15)
 Temple: D:4-7

Altars:
Elyvilon


Message History

The phantom blinks!
You feel sick. 2 orcs come into view.
The orc shouts! x2; You hear a shout!
The orc moves out of view.
An orc wizard comes into view. It is wielding a dagger.
You feel sick.
The orc wizard shouts!
Unknown command.
The orc wizard gestures wildly while chanting.
The orc wizard blinks!
Unknown command.
The orc wizard mumbles some strange words.
The orc wizard blinks!
Unknown command.
You feel sick.
The phantom blinks!
Unknown command.
The phantom blinks!
The orc hits you with a mace!
You die...

#########.##
.......#...##
#...W..# ####
#.#...## o..
#.##.##
#.##.######.
#...§.......
#.######W#######
#...@o..§#
##########


You could see a phantom and an orc.

Vanquished Creatures
  A howler monkey (D:4)
  3 adders
  An ooze (D:3)
  2 worms (D:3)
  A leopard gecko (D:3)
  An orc (D:2)
  A giant cockroach (D:3)
  3 goblins
  A hobgoblin (D:3)
  5 bats
  4 frilled lizards
  3 kobolds
  3 rats
29 creatures vanquished.

Notes
Turn   | Place    | Note
-------+----------+-------------------------------------------
     0 | D:1      | 4thArraOfDagon the Hill Orc Fighter began the quest for the Orb.
     0 | D:1      | Reached XP level 1. HP: 19/19 MP: 1/1
    24 | D:1      | Reached skill level 3 in Axes
    43 | D:2      | Found a white marble altar of Elyvilon.
    54 | D:2      | Reached XP level 2. HP: 23/27 MP: 2/2
   160 | D:3      | Reached skill level 4 in Axes
   160 | D:3      | Reached XP level 3. HP: 16/33 MP: 3/3
   265 | D:4      | Reached skill level 5 in Axes
   265 | D:4      | Reached XP level 4. HP: 19/41 MP: 4/4
   268 | D:4      | Noticed a phantom
   298 | D:4      | Slain by an orc

Vault maps used:
D:1:      dpeg_arrival_central
D:2:      nicolae_overflow_crystal_walls, uniq_robin
D:3:      nicolae_ru_path_of_blood
D:4:      minmay_temple_entry_butterflies

Skill      XL: |  1  2  3 |
---------------+----------+-----
Axes           | 3 4 5 |  5.4
Fighting       | 4 |  4.7
Armour         | |  3.2
Shields        | |  3.2

Action                   |  1- 3 |  4- 6 || total
-------------------------+-------+-------++-------
Melee: War axe           |    64 |     9 ||    73
  Use: Potion            |     4 |       ||     4
Armor: Scale mail        |    45 |     5 ||    50
Dodge: Dodged            |    25 |     7 ||    32
Block: Shield            |    53 |     6 ||    59

Table legend:
 A = Spawn XP
 B = Non-spawn XP
 C = Spawn XP percentage of total XP
 D = Spawn monster count
 E = Non-spawn monster count
 F = Spawn count percentage of total count
 G = Total turns spent on level
                    A         B        C        D         E        F      G
               +---------+---------+-------+---------+---------+-------+---------
         Total |       0 |     143 |   0.0 |       0 |      29 |   0.0 |   298
               +---------+---------+-------+---------+---------+-------+---------
           D:1 |       0 |       5 |   0.0 |       0 |       4 |   0.0 |    32
           D:2 |       0 |       8 |   0.0 |       0 |       6 |   0.0 |    53
           D:3 |       0 |      63 |   0.0 |       0 |      17 |   0.0 |   144
           D:4 |       0 |      67 |   0.0 |       0 |       2 |   0.0 |    69
               +---------+---------+-------+---------+---------+-------+---------
